 Dungeon Crawl Stone Soup version 0.31-a0-1236-gaa9e43cceb (webtiles) character file.

Game seed: 15217066774723816348

35637 MacCMillion the Severer (level 13, -19/113 HPs)
             Began as a Minotaur Fighter on Dec 15, 2023.
             Was a High Priest of Okawaru.
             Demolished by a dire elephant simulacrum (43 damage)
             ... in an ice cave.
             The game lasted 00:28:06 (20006 turns).

MacCMillion the Severer (Minotaur Fighter)         Turns: 20006, Time: 00:28:07

Health: -19/113    AC: 20    Str: 25    XL:     13   Next: 48%
Magic:  22/22      EV:  7    Int:  5    God:    Okawaru [*****.]
Gold:   437        SH:  6    Dex: 11    Spells: 12/12 levels left

rFire   + . .        P - +2 broad axe (flame)
rCold   . . .        c - +2 buckler {AC+3}
rNeg    . . .        H - +0 plate armour
rPois   .            (helmet restricted)
rElec   .            (no cloak)
rCorr   .            k - +2 pair of gloves
SInv    .            (no boots)
Will    +....        (no amulet) Stlth
                     e - ring of willpower
HPRegen 0.38/turn    O - ring of protection from fire
MPRegen 0.18/turn

%: no passive effects
@: no status effects
A: horns 2, retaliatory headbutt
a: Renounce Religion, Heroism, Finesse, Duel


You were in an ice cave.
You worshipped Okawaru.
Okawaru was extremely pleased with you.
You visited 3 branches of the dungeon, and saw 16 of its levels.
You also visited: Sewer, Ossuary and Ice Cave.

You collected 731 gold pieces.
You spent 294 gold pieces at shops.

Inventory:

Hand Weapons
 a - a +0 war axe
 L - a +3 spectral war axe
 P - a +2 broad axe of flaming (weapon)
Missiles
 i - a javelin
 j - a throwing net
 m - 6 datura-tipped darts
 p - 28 poisoned darts (quivered)
 E - 2 curare-tipped darts
 R - 10 boomerangs
 Z - 5 darts of dispersal
Armour
 c - a +2 buckler of protection (worn)
 k - a +2 pair of gloves (worn)
 H - a +0 plate armour (worn)
 Y - a +0 pair of boots
Jewellery
 b - a +5 ring of evasion
 e - a ring of willpower (left hand)
 I - a ring of flight
 O - a ring of protection from fire (right hand)
 V - a ring of poison resistance
Wands
 T - a wand of mindburst (25)
 W - a wand of polymorph (8)
 X - a wand of light (11)
Scrolls
 f - a scroll of enchant weapon
 l - 3 scrolls of fear
 q - a scroll of enchant armour
 r - 5 scrolls of blinking
 u - 6 scrolls of teleportation
 x - 2 scrolls of amnesia
 y - a scroll of torment
 F - a scroll of poison
 G - a scroll of butterflies
 J - a scroll of revelation
 K - 2 scrolls of brand weapon
 N - 3 scrolls of immolation
 Q - a scroll of noise
 S - a scroll of vulnerability
 U - a scroll of identify
Potions
 d - 5 potions of might
 g - 2 potions of magic
 h - 5 potions of cancellation
 n - 4 potions of lignification
 o - 2 potions of resistance
 s - 5 potions of curing
 t - 7 potions of haste
 v - a potion of berserk rage
 w - 2 potions of ambrosia
 z - 9 potions of heal wounds
 A - 3 potions of enlightenment
 B - 4 potions of attraction
 C - 3 potions of mutation
 D - 6 potions of brilliance
 M - 2 potions of invisibility


   Skills:
 - Level 10.0 Fighting
 - Level 18.0 Axes
 - Level 10.0 Armour
 - Level 1.0 Dodging
 - Level 4.0 Shields
 + Level 14.1 Invocations


You had 12 spell levels left.
You didn't know any spells.
Your spell library contained the following spells:

 Spells                   Type           Power      Damage    Failure   Level
 Freeze                   Ice            0%         1d3       100%        1
 Magic Dart               Conj           0%         1d3       100%        1
 Ensorcelled Hibernation  Hex/Ice        0%         N/A       100%        2
 Jinxbite                 Hex            0%         N/A       100%        2
 Frozen Ramparts          Ice            0%         1d1       100%        3
 Hailstorm                Conj/Ice       0%         3d5       100%        3
 Mephitic Cloud           Conj/Pois/Air  0%         N/A       100%        3
 Anguish                  Hex/Necr       0%         N/A       100%        4
 Manifold Assault         Tloc           0%         N/A       100%        4
 Passage of Golubria      Tloc           0%         N/A       100%        4
 Silence                  Hex/Air        0%         N/A       100%        5
 Dispersal                Tloc           0%         N/A       100%        6
 Disjunction              Tloc           0%         N/A       100%        8
 Lehudib's Crystal Spear  Conj/Erth      0%         10d2      100%        8
 Call Imp                 Summ           Unusable   N/A       N/A         2
 Summon Ice Beast         Ice/Summ       Unusable   N/A       N/A         4
 Simulacrum               Ice/Necr       Unusable   N/A       N/A         6

Dungeon Overview and Level Annotations

Branches:
Dungeon (12/15)            Temple (1/1) D:6            Lair (3/5) D:9
 Spider (0/4) Lair:3          Orc (0/2) D:9           Sewer (visited)
Ossuary (visited)           IceCv (1/1)
  Swamp: Lair:2-3    Shoals: Lair:2-3

Altars:
Ashenzari
Cheibriados
Dithmenos
Elyvilon
Fedhas
Gozag
Hepliaklqana
Kikubaaqudgha
Makhleb
Nemelex Xobeh
Okawaru
Qazlal
Ru
Sif Muna
Trog
Uskayaw
Vehumet
Wu Jian
Xom
Yredelemnul
Zin
The Shining One

Shops:
D:5 (   D:6 =   D:8 :   D:10 !

Annotations:
D:11 1 runed translucent door, nitefall's ghost, journeyman MiBe
Temple 2 transporters


Innate Abilities, Weirdness & Mutations

You have a pair of horns on your head.
You reflexively headbutt those who attack you in melee.


Message History

The ice beast hits you but does no damage.
You slice the ice statue!!
You melt the ice statue.
You destroy the ice statue!
Okawaru accepts your kill.
The ice beast disappears in a puff of smoke!
You are engulfed in freezing vapours.
You now have 437 gold pieces (gained 13).
X - a wand of light (11) (gained 4 charges)
You start resting.
Okawaru is no longer ready to gift you weaponry.
Okawaru is no longer ready to gift you armour.
HP restored. 6 simulacra, a white imp and 2 bog bodies come into view.
Found 28 gold pieces and a phial of floods.
The white imp shouts!
The bog body casts a spell at you.
The bolt of cold hits the death yak simulacrum.
The death yak simulacrum completely resists.
The bolt of cold hits you!!
There are monsters nearby!
You hit the death yak simulacrum but do no damage.
You headbutt the death yak simulacrum, but do no damage.
You slash the dire elephant simulacrum!
You melt the dire elephant simulacrum.
The dire elephant simulacrum tramples you!
You hold your ground!
The dire elephant simulacrum trunk-slaps you but does no damage.
You slash the dire elephant simulacrum!
You melt the dire elephant simulacrum.
You headbutt the dire elephant simulacrum, but do no damage.
The dire elephant simulacrum is severely damaged.
You hit the death yak simulacrum.
You melt the death yak simulacrum.
The death yak simulacrum gores you! The death yak simulacrum freezes you!!!
A troll simulacrum comes into view.
The dire elephant simulacrum attacks as it pursues you!
The dire elephant simulacrum tramples you!
* * * LOW HITPOINT WARNING * * *
You hold your ground!
The dire elephant simulacrum trunk-slaps you.
* * * LOW HITPOINT WARNING * * *
The dire elephant simulacrum freezes you!!!
You die...

### #} ##.# .$
#..##### .###
###....### ...##
###....#...## ZZ5.#
##.....####..###ZZZ#
#.....#####..##Z.n#
...######...##.Z###
..## #.....###@.#
### ##...#.#.##.#
####### ######.## ≈#
##....### ### #
....#...###
######....### ##
####...## ≈≈
##...##.# # ##.....#


You could see a death yak simulacrum and a dire elephant simulacrum.

Vanquished Creatures
  A boulder beetle (D:11)
  Amaemon (D:8)
  A fire crab (Lair:3)
  A skyshark (Lair:1)
  A manticore (D:11)
  An ice statue (IceCv)
  A black mamba (Lair:3)
  7 cane toads
  An orange demon (D:9)
  An unseen horror (D:11)
  A torpor snail (Lair:1)
  6 komodo dragons
  Jeremiah (Lair:1)
  3 rime drakes
  An anaconda simulacrum (IceCv)
  3 trolls
  A polar bear (Lair:3)
  42 blink frogs
  3 wraiths (D:11)
  2 shadows
  53 yaks
  3 wyverns
  3 basilisks
  A death yak simulacrum (IceCv)
  4 vampire mosquitoes
  Grum (D:8)
  A harpy simulacrum (IceCv)
  12 water moccasins
  A hydra simulacrum (IceCv)
  Duvessa (D:7)
  7 orc warriors
  An ice beast (D:7)
  3 sky beasts (D:7)
  2 black bears
  4 wolves (D:8)
  A centaur (D:10)
  3 kobold brigands
  12 bullfrogs
  A gnoll sergeant (D:7)
  A scorpion (D:5)
  2 cane toad simulacra (IceCv)
  6 two-headed ogre simulacra (IceCv)
  6 water moccasin zombies (Ossuary)
  13 wights
  3 elephant simulacra (IceCv)
  Dowan (D:7)
  8 killer bees
  5 howler monkeys
  2 electric eels (Lair:2)
  5 hounds
  3 jellies
  4 orc priests
  A sleepcap (D:6)
  3 gnoll boudas
  5 iguanas
  8 orc wizards
  3 spriggan simulacra (IceCv)
  5 troll simulacra (IceCv)
  2 polar bear simulacra (IceCv)
  A wolf simulacrum (IceCv)
  A crocodile zombie (Ossuary)
  A bullfrog simulacrum (Ossuary)
  3 mummies
  14 gnolls
  6 naga simulacra (IceCv)
  6 adders
  8 white imps
  4 ufetubi (IceCv)
  3 adder zombies (Ossuary)
  A worm (D:3)
  3 dart slugs
  23 orcs
  6 bats
  4 endoplasms
  5 giant cockroaches
  5 gnoll zombies (Ossuary)
  4 goblins
  7 hobgoblins
  4 jackals (D:4)
  31 kobolds
  5 quokkas
  13 ball pythons
  3 frilled lizards
  5 hobgoblin zombies (Ossuary)
  8 kobold zombies (Ossuary)
  3 orc zombies (Ossuary)
  20 rats
476 creatures vanquished.

Vanquished Creatures (others)
  An ogre (D:6)
1 creature vanquished.

Grand Total: 477 creatures vanquished

Notes
Turn   | Place    | Note
-------+----------+-------------------------------------------
     0 | D:1      | MacCMillion the Minotaur Fighter began the quest for the
                  | Orb.
     0 | D:1      | Reached XP level 1. HP: 19/19 MP: 0/0
   264 | D:1      | Reached XP level 2. HP: 24/26 MP: 1/1
   329 | D:1      | Reached skill level 3 in Axes
   465 | D:1      | Reached skill level 1 in Dodging
   792 | D:1      | Found a faded altar of an unknown god.
   976 | D:2      | Reached XP level 3. HP: 31/31 MP: 2/2
  1178 | D:2      | Identified the +3 dagger of Theory {venom, Int+3}
  1284 | D:2      | Reached skill level 4 in Axes
  1694 | D:3      | Identified the +0 robe of Compression {rC- MP+9 Str+2
                  | Dex+3}
  1890 | D:3      | Reached XP level 4. HP: 39/39 MP: 3/3
  1904 | D:3      | Reached skill level 5 in Axes
  2086 | D:4      | Found a glowing silver altar of Zin.
  2261 | D:4      | Found a sand-covered staircase.
  2326 | Ossuary  | Entered an ossuary
  2499 | Ossuary  | Reached skill level 6 in Axes
  2499 | Ossuary  | Reached XP level 5. HP: 43/45 MP: 4/4
  2516 | Ossuary  | Reached skill level 7 in Axes
  2525 | Ossuary  | Reached XP level 6. HP: 46/51 MP: 5/5
  2602 | Ossuary  | Reached skill level 8 in Axes
  2760 | Ossuary  | Reached XP level 7. HP: 49/57 MP: 6/6
  2867 | D:4      | Reached skill level 9 in Axes
  2959 | D:4      | Found a shimmering altar of Xom.
  2961 | D:4      | Found a shimmering altar of Xom.
  2962 | D:4      | Found a shimmering altar of Xom.
  2962 | D:4      | Found a shimmering altar of Xom.
  3315 | D:4      | Reached skill level 10 in Axes
  3608 | D:5      | Entered Level 5 of the Dungeon
  4065 | D:5      | Reached XP level 8. HP: 44/67 MP: 7/7
  4174 | D:5      | Found Nemavoer's Hydra Hut.
  4175 | D:5      | Noticed a four-headed hydra
  4485 | D:6      | Found an opulent altar of Gozag.
  4566 | D:6      | Reached skill level 5 in Fighting
  4566 | D:6      | Reached skill level 5 in Armour
  4690 | D:6      | Found a glowing drain.
  4706 | Sewer    | Entered a sewer
  5087 | D:6      | Found a sparkling altar of Nemelex Xobeh.
  5649 | D:6      | Reached skill level 11 in Axes
  5670 | D:6      | Found Rior's Jewellery Shoppe.
  5761 | D:5      | Bought a +2 broad axe of flaming for 249 gold pieces
  5897 | D:6      | Found a staircase to the Ecumenical Temple.
  5920 | Temple   | Found a transporter.
  5920 | Temple   | Found a transporter.
  5920 | Temple   | Found a transporter.
  5920 | Temple   | Found a transporter.
  5920 | Temple   | Entered the Ecumenical Temple
  5933 | Temple   | Became a worshipper of Warmaster Okawaru
  6116 | D:7      | Found a hide-covered altar of Uskayaw.
  6131 | D:7      | Noticed Duvessa
  6137 | D:7      | Killed Duvessa
  6138 | D:7      | Reached XP level 9. HP: 72/78 MP: 8/8
  6138 | D:7      | Noticed Dowan
  6142 | D:7      | Killed Dowan
  6315 | D:7      | Reached * piety under Okawaru
  6319 | D:7      | Reached skill level 12 in Axes
  6332 | D:7      | Found a blossoming altar of Fedhas.
  6786 | D:7      | Found a stormy altar of Qazlal.
  7033 | D:7      | Found a glowing golden altar of the Shining One.
  7038 | D:7      | Found a sacrificial altar of Ru.
  7218 | D:8      | Reached ** piety under Okawaru
  7273 | D:8      | Reached skill level 13 in Axes
  7492 | D:8      | Noticed Grum
  7505 | D:8      | Found Kouhiuh's Antique Weapon Shoppe.
  7513 | D:8      | Killed Grum
  7746 | D:8      | Reached XP level 10. HP: 89/89 MP: 9/9
  7927 | D:8      | Found Ehacirph's Book Boutique.
  8543 | D:9      | Reached *** piety under Okawaru
  8558 | D:9      | Reached skill level 14 in Axes
  8646 | D:9      | Noticed Amaemon
  8652 | D:9      | Noticed an orange demon
  8699 | D:8      | Killed Amaemon
  8796 | D:9      | Killed an orange demon
  8918 | D:9      | Identified the +0 scale mail "Damnable Contraption" {rF+
                  | Int-3 SInv}
  9244 | D:9      | Found a staircase to the Lair.
  9265 | D:9      | Reached **** piety under Okawaru
  9779 | D:9      | Reached skill level 15 in Axes
  9910 | D:9      | Found a staircase to the Orcish Mines.
 10185 | D:9      | Reached ***** piety under Okawaru
 10186 | D:9      | Reached skill level 10 in Fighting
 10186 | D:9      | Reached skill level 10 in Armour
 10186 | D:9      | Reached XP level 11. HP: 88/99 MP: 10/10
 10317 | D:9      | Reached skill level 1 in Invocations
 10675 | D:10     | Entered Level 10 of the Dungeon
 10687 | D:10     | Found Naitt's Distillery.
 10702 | D:10     | Bought a potion of attraction for 45 gold pieces
 10858 | D:10     | Received a gift from Okawaru
 10859 | D:10     | Reached skill level 16 in Axes
 11505 | D:11     | Noticed a boulder beetle
 11860 | D:11     | Received a gift from Okawaru
 11869 | D:11     | Reached skill level 17 in Axes
 12058 | D:11     | Found a runed translucent door.
 12059 | D:11     | Noticed nitefall's ghost (journeyman MiBe)
 12140 | D:11     | Killed a boulder beetle
 12141 | D:11     | Reached skill level 5 in Invocations
 13024 | Lair:1   | Entered Level 1 of the Lair of Beasts
 13024 | Lair:1   | Noticed a skyshark
 13036 | Lair:1   | Killed a skyshark
 13037 | Lair:1   | Reached XP level 12. HP: 56/106 MP: 6/15
 13234 | Lair:1   | Reached skill level 18 in Axes
 13874 | Lair:1   | Received a gift from Okawaru
 14199 | Lair:1   | Noticed Jeremiah
 14209 | Lair:1   | Killed Jeremiah
 14694 | Lair:1   | Received a gift from Okawaru
 14697 | Lair:1   | Reached skill level 10 in Invocations
 16260 | Lair:2   | Received a gift from Okawaru
 16346 | Lair:2   | Reached XP level 13. HP: 68/113 MP: 17/20
 17470 | Lair:3   | Reached ****** piety under Okawaru
 17624 | Lair:3   | Found a hole to the Spider Nest.
 17871 | Lair:3   | Found a frozen archway.
 17876 | Lair:3   | Received a gift from Okawaru
 17887 | IceCv    | Entered an ice cave
 20006 | IceCv    | Demolished by a dire elephant simulacrum

Illustrated notes

Levels and vault maps discovered:
D:1:      nagdon_arrival_double_spiral, layout_basic, serial_co_window_serial,
          co_window_cross_1, co_window_cross_1, co_window_corner_a,
          co_window_corner_a, co_window_of_opportunity_a, co_window_cross_1,
          co_window_corner_a, co_window_corner_a, co_window_of_opportunity_a,
          co_window_broadway_b, co_window_of_opportunity_b,
          co_window_of_opportunity_b, glass_columns_a, glass_columns_a,
          glass_columns_c, glass_columns_c, glass_columns_b,
          hellmonk_ecumenical_altar_heavens_door, minmay_pentomino_p4
D:2:      layout_loops_ring
D:3:      layout_loops_ring, minmay_rat_hole
D:4:      layout_gridville, xom_redecorated, mainiacjoe_overflow_boulevard,
          gup_ossuary_entry_pyramid, nrook_campfire, kennysheep_generic_room_9
D:5:      layout_rooms, doesnt_shop_hydraphobe
D:6:      wander_river, layout_basic, nemelex_altar_shiori, grunt_gozag_statues,
          minmay_temple_entry_gardened_gates, portal_sewer_entry_f,
          serial_shops, shop, lemuel_flame_loot_1
D:7:      layout_basic, grunt_temple_overflow_forces_of_nature,
          mainiacjoe_overflow_brackets, amethyst_overflow_temple_binary,
          chequers_serial_rivers_micro_d, uniq_duvessa
D:8:      layout_gridville, serial_shops, shop, shop, uniq_grum
D:9:      layout_loops_corners, grunt_lair_entry_orc_guard_hut,
          david_orc_1_choice, uniq_amaemon
D:10:     layout_loops_ring, serial_shops, nicolae_shop_crystal,
          nicolae_figureground_pulse
D:11:     layout_rooms, ebering_ghost_inner_flame
D:12:     layout_cave_pools, gammafunk_ghost_wrathful_warriors
Temple:   hellmonk_temple_divided_pantheon
Lair:1:   layout_roguey, uniq_jeremiah
Lair:2:   layout_hall_layers, serial_bayou_shore_a
Lair:3:   layout_cave_shapes, palyth_hydra_swamp_entry,
          spider_nest_entry_web_field, portal_ice_cave_entry_pillars_1,
          lemuel_fruit_tree, lemuel_fruit_fields
IceCv:    ice_cave_caverns_01

Skill      XL: |  1  2  3  4  5  6  7  8  9 10 11 12 13 |
---------------+----------------------------------------+-----
Shields        | 4 |  4.0
Axes           | 3 4 6 7 8 10 11 13 15 17 18 | 18.0
Dodging        | 1 |  1.0
Fighting       | 4 6 8 10 | 10.0
Armour         | 4 6 8 10 | 10.0
Invocations    | 5 11 14 | 14.1

Action                     |  1- 3 |  4- 6 |  7- 9 | 10-12 | 13-15 || total
---------------------------+-------+-------+-------+-------+-------++-------
  Melee: War axe           |    84 |   135 |   162 |       |       ||   381
         Headbutt          |    10 |    23 |    53 |    98 |    48 ||   232
         Broad axe         |       |       |   123 |   547 |   225 ||   895
  Throw: Dart              |       |       |     2 |    10 |       ||    12
         Boomerang         |       |       |       |    12 |       ||    12
 Invoke: Heroism           |       |       |       |     6 |     1 ||     7
         Finesse           |       |       |       |     1 |       ||     1
    Use: Scroll            |       |       |    16 |     1 |    10 ||    27
         Potion            |       |       |       |     1 |       ||     1
 Armour: Scale mail        |    45 |    54 |    54 |       |       ||   153
         Plate armour      |       |       |   164 |   500 |   152 ||   816
  Dodge: Dodged            |    44 |    46 |   100 |   143 |    32 ||   365
  Block: Buckler           |    22 |    20 |    62 |    87 |    45 ||   236

Table legend: (Time is in decaauts)
 A = Elapsed time spent in this place.
 B = Non-inter-level travel time spent in this place.
 C = Inter-level travel time spent in this place.
 D = Time resting spent in this place.
 E = Time spent auto-exploring this place.
 F = Levels seen in this place.
 G = Mean time per level.
                   A        B        C        D        E       F      G
               +--------+--------+--------+--------+--------+-----+--------+
         Total |  20009 |  19494 |    515 |   6375 |   9822 |  19 | 1053.1 |
       Dungeon |  12282 |  11786 |    496 |   2737 |   7192 |  12 | 1023.5 |
        Temple |     29 |     20 |      9 |      0 |      0 |   1 |   29.0 |
          Lair |   4783 |   4774 |      9 |   1892 |   1991 |   3 | 1594.3 |
         Sewer |    307 |    307 |      0 |      2 |    213 |   1 |  307.0 |
       Ossuary |    510 |    510 |      0 |    175 |    179 |   1 |  510.0 |
      Ice Cave |   2095 |   2095 |      0 |   1569 |    246 |   1 | 2095.0 |
               +--------+--------+--------+--------+--------+-----+--------+

Top non-repeatable levels by time:
  Lair:1: 2837 daAuts
   IceCv: 2095 daAuts
     D:9: 1878 daAuts
  Lair:2: 1555 daAuts
     D:8: 1417 daAuts
     D:7: 1317 daAuts
     D:6: 1273 daAuts
    D:11: 1192 daAuts
    D:10: 1107 daAuts
     D:4: 1082 daAuts
     D:1: 880 daAuts
     D:5: 813 daAuts
     D:3: 755 daAuts
     D:2: 562 daAuts
 Ossuary: 510 daAuts
